 Dungeon Crawl Stone Soup version 0.26.1-2-gb8aa6d0 (webtiles) character file.

Game seed: 6569665901235759545

3297 JoelMarler the Cleaver (level 10, -1/84 HPs)
             Began as a Hill Orc Fighter on Apr 10, 2021.
             Was an Initiate of Ru.
             Slain by a killer bee (4 damage)
             ... on level 7 of the Dungeon.
             The game lasted 00:52:01 (4792 turns).

JoelMarler the Cleaver (Hill Orc Fighter)           Turns: 4792, Time: 00:52:01

Health: -1/84      AC:  9    Str: 22    XL:     10   Next: 1%
Magic:  10/10      EV: 10    Int:  8    God:    Ru [......]
Gold:   201        SH: 11    Dex: 11    Spells: 9/9 levels left

rFire    . . .     SeeInvis .   a - +0 war axe
rCold    + + .     Faith    .   c - +0 kite shield
rNeg     . . .     Spirit   .   o - +2 ring mail {rC+}
rPois    .         Reflect  .   (no helmet)
rElec    .         Harm     .   (no cloak)
rCorr    .         Rampage  .   (no gloves)
Will     .....                  k - +0 pair of boots
Stlth    +.........             (no amulet)
HPRegen  0.24/turn              d - ring of protection from cold
MPRegen  0.12/turn              (no ring)

@: lethally poisoned (-1 -> -4)
A: no striking features
a: Renounce Religion, Sacrifice Words, Sacrifice Experience, Sacrifice Essence,
Reject Sacrifices


You were on level 7 of the Dungeon.
You worshipped Ru.
Ru was noncommittal.
You visited 1 branch of the dungeon, and saw 7 of its levels.

You collected 291 gold pieces.
You spent 90 gold pieces at shops.

Inventory:

Hand Weapons
 a - a +0 war axe (weapon)
 b - a +0 vorpal shortbow
 m - a +0 club
 r - a +0 hunting sling
Missiles
 e - 11 arrows
 h - 33 bolts
 n - 61 poisoned darts (quivered)
Armour
 c - a +0 kite shield (worn)
 k - a +0 pair of boots (worn)
 o - a +2 ring mail of cold resistance (worn)
Magical Staves
 v - an uncursed staff of conjuration
Jewellery
 d - a ring of protection from cold (left hand)
 y - an uncursed ring of ice {unknown}
Wands
 g - a wand of iceblast (4)
 z - a wand of polymorph (10)
Scrolls
 i - 3 scrolls of teleportation
 j - 5 scrolls of remove curse
 u - a scroll of enchant armour {unknown}
Potions
 f - 3 potions of curing
 p - a potion of magic
 q - a potion of flight {unknown}
 s - a potion of haste
 t - a potion of heal wounds {unknown}
 w - 2 potions of might
 x - a potion of lignification {unknown}
 A - a potion of berserk rage {unknown}
 B - a potion of attraction {unknown}
Miscellaneous
 l - a phantom mirror


   Skills:
 + Level 6.9 Fighting
 + Level 11.7 Axes
 + Level 6.4 Armour
 + Level 3.2 Dodging
 + Level 1.4 Stealth
 + Level 7.5 Shields


You had 9 spell levels left.
You didn't know any spells.
Your spell library contained the following spells:

 Spells                   Type           Power        Failure   Level
 Magic Dart               Conj           0%           87%         1
 Blink                    Tloc           N/A          95%         2
 Call Imp                 Summ           0%           95%         2
 Slow                     Hex            0%           95%         2
 Conjure Flame            Conj/Fire      0%           99%         3
 Mephitic Cloud           Conj/Pois/Air  0%           99%         3


Dungeon Overview and Level Annotations

Branches:
Dungeon (7/15)             Temple (0/1) D:7

Altars:
Nemelex Xobeh
Qazlal
Ru
Xom
Zin


Message History

You feel stronger.
You see here a bullfrog corpse.
You feel sick.
You are no longer poisoned.
You see here a fizzy dark potion.
You see here a fizzy dark potion.
B - a fizzy dark potion A killer bee comes into view.
The killer bee buzzes angrily.
You hear a shout!
The killer bee barely misses you.
An orc warrior comes into view. It is wielding a +0 flail.
The killer bee stings you.
* * * LOW HITPOINT WARNING * * *
You are poisoned.
The killer bee poisons you!
You feel sick. The killer bee stings you.
* * * LOW HITPOINT WARNING * * *
* * * LOW HITPOINT WARNING * * *
You feel sick. The killer bee stings you.
You die...

,,,,,,,,,,,***,..#,*,*,*,***,♣...
,,,,,,,,,,,**,,...,+⌠*,,,* *,+<8>
*,,,,,,,,,,**,,#.#,*,*,*,***,♣...
,,,,,,,,,,,*,,*#o#,***,*,,,,,#...
,,,,,,,,,,,*,**#.#*,,,****##*##'#
,,,,,,,,,,*,,* #.#*,*** **,?.♣...
,,,>,,,,,,*,** #.#**,****,,♣...#.
,,,,,,,,,*,,* #y# **,**,**♣♣♣#Z#
,,,,,,,,,,,** #@# *,****,,*,.s#(
,,,,,,,,,,** ##.# *** **,..♣ZB{
,,,,,,,,..* #..# **##*##F#
,,,,,,,..######.## *,,,,*#(*
*,,,,,*#.##.....# ****,*,)?,
**,,,,*#.#......## *,,,,*..#,
***,*##.#.......## ****,#..,,
***#.#.........# *,,,.##,*
#.#.........## *********


You could see an orc warrior and a killer bee.

Vanquished Creatures
  Pikel (D:6)
  Grinder (D:4)
  Eustachio (D:6)
  A yak (D:7)
  Duvessa (D:6)
  An ice beast (D:5)
  3 phantoms
  3 centaurs
  3 ogres
  3 bullfrogs
  Dowan (D:6)
  2 killer bees (D:7)
  A scorpion (D:4)
  2 howler monkeys
  5 wights (D:3)
  3 bullfrog zombies (D:5)
  A hound (D:5)
  A jelly (D:5)
  3 bullfrog skeletons
  2 orc wizards
  5 worker ants (D:5)
  A hound zombie (D:5)
  A hound skeleton (D:5)
  A worker ant zombie (D:5)
  6 gnolls
  9 adders
  2 white imps
  An ufetubus (D:6)
  An ooze (D:1)
  2 adder zombies
  An adder skeleton (D:4)
  2 worms
  3 dart slugs
  3 leopard geckos
  3 orcs
  4 bats
  10 giant cockroaches
  7 goblins
  14 hobgoblins
  4 jackals
  3 kobolds
  2 quokkas (D:3)
  2 ball pythons
  3 frilled lizards (D:2)
  A jackal skeleton (D:6)
  A quokka zombie (D:6)
  9 rats
140 creatures vanquished.

Vanquished Creatures (others)
  7 plants (D:7)
7 creatures vanquished.

Grand Total: 147 creatures vanquished

Notes
Turn   | Place    | Note
-------+----------+-------------------------------------------
     0 | D:1      | JoelMarler the Hill Orc Fighter began the quest for the
                  | Orb.
     0 | D:1      | Reached XP level 1. HP: 19/19 MP: 1/1
   100 | D:1      | Reached XP level 2. HP: 27/27 MP: 2/2
   107 | D:1      | Reached skill level 3 in Axes
   258 | D:1      | Reached XP level 3. HP: 32/33 MP: 3/3
   779 | D:2      | Reached XP level 4. HP: 40/40 MP: 4/4
   793 | D:2      | Found a shimmering altar of Xom.
  1039 | D:2      | Reached skill level 4 in Axes
  1301 | D:2      | Found a sacrificial altar of Ru.
  1328 | D:2      | Became a worshipper of Ru the Awakened
  1635 | D:3      | Reached XP level 5. HP: 46/46 MP: 5/5
  1754 | D:3      | Found a faded altar of an unknown god.
  1795 | D:3      | Reached skill level 5 in Axes
  1803 | D:3      | Reached XP level 6. HP: 36/53 MP: 6/6
  1879 | D:3      | Found Zin's Purification Station.
  1883 | D:3      | Found a glowing silver altar of Zin.
  1909 | D:3      | Bought a potion of curing for 90 gold pieces
  2394 | D:4      | Reached skill level 6 in Axes
  2476 | D:4      | Noticed a phantom
  2516 | D:4      | Killed a phantom
  2517 | D:4      | Reached skill level 1 in Dodging
  2517 | D:4      | Reached XP level 7. HP: 56/60 MP: 7/7
  2577 | D:4      | Reached skill level 5 in Armour
  2759 | D:4      | Reached skill level 5 in Shields
  2841 | D:4      | Noticed Grinder
  2870 | D:4      | Paralysed by Grinder for 5 turns
  2881 | D:4      | Paralysed by Grinder for 3 turns
  2884 | D:4      | Killed Grinder
  2885 | D:4      | Reached skill level 5 in Fighting
  2885 | D:4      | Reached skill level 7 in Axes
  2885 | D:4      | Reached XP level 8. HP: 19/68 MP: 8/8
  2990 | D:5      | Entered Level 5 of the Dungeon
  3177 | D:5      | Found a sparkling altar of Nemelex Xobeh.
  3207 | D:5      | Reached skill level 8 in Axes
  3429 | D:5      | Reached skill level 9 in Axes
  3850 | D:6      | Reached skill level 1 in Stealth
  3850 | D:6      | Reached XP level 9. HP: 25/75 MP: 9/9
  3901 | D:6      | Noticed Pikel
  3918 | D:6      | Killed Pikel
  3919 | D:6      | Reached skill level 10 in Axes
  4121 | D:6      | Noticed Duvessa
  4125 | D:6      | Noticed Dowan
  4136 | D:6      | Killed Duvessa
  4149 | D:6      | Killed Dowan
  4282 | D:6      | Noticed Eustachio
  4325 | D:6      | Killed Eustachio
  4370 | D:6      | Found a stormy altar of Qazlal.
  4422 | D:7      | Reached skill level 11 in Axes
  4469 | D:7      | HP: 2/78 [centaur zombie (3)]
  4768 | D:7      | Reached XP level 10. HP: 8/84 MP: 10/10
  4791 | D:7      | HP: 4/84 [killer bee (5)]
  4792 | D:7      | Slain by a killer bee

Illustrated notes

Levels and vault maps discovered:
D:1:      arrival_zaba_pyramid, layout_basic
D:2:      layout_loops_corners, nicolae_ru_great_annihilating_truth, tgw_xom,
          st_stairs_11
D:3:      layout_loops_ring, zin_purify, chequers_ecumenical_altar_island,
          fountainhead
D:4:      layout_cave_pools, nicolae_overflow_hidden_temple,
          serial_co_window_serial, co_window_of_opportunity_a,
          co_window_of_opportunity_a, co_window_corner_a, co_window_cross_1,
          co_window_corner_a, co_window_unsneaky_path_b, co_window_corner_b,
          co_window_corner_cb, glass_columns_a, glass_columns_b,
          glass_columns_b, glass_columns_a, glass_columns_a, uniq_grinder
D:5:      kennysheep_big_flooded_room, layout_loops_ring,
          nemelex_xobeh_ov_fountains_minmay
D:6:      layout_loops_ring, lemuel_round_altar, uniq_eustachio, uniq_pikel,
          uniq_duvessa
D:7:      nzn_winding_woodlands_stair_cross [nzn_winding_woodlands_5x15_cabin,
          nzn_winding_woodlands_center_triple_pond,
          nzn_winding_woodlands_5x15_garden,
          nzn_winding_woodlands_5x5_perimeter,
          nzn_winding_woodlands_5x5_default, nzn_winding_woodlands_5x15_twine,
          nzn_winding_woodlands_center_pierced_h,
          nzn_winding_woodlands_5x15_pockets], layout_cave_pods,
          kennysheep_mini, kennysheep_little_box,
          minmay_temple_entry_nine_rooms, serial_shops, shop

Skill      XL: |  1  2  3  4  5  6  7  8  9 |
---------------+----------------------------+-----
Fighting       | 4 5 6 |  6.9
Axes           | 3 4 5 6 7 9 11 | 11.7
Armour         | 4 5 6 |  6.4
Shields        | 4 5 6 7 |  7.5
Dodging        | 1 2 3 |  3.2
Stealth        | 1 |  1.4

Action                   |  1- 3 |  4- 6 |  7- 9 | 10-12 || total
-------------------------+-------+-------+-------+-------++-------
Melee: War axe           |    84 |   169 |   362 |       ||   615
Evoke: Wand              |       |       |     1 |       ||     1
  Use: Potion            |       |     1 |     1 |       ||     2
       Scroll            |       |     7 |     8 |       ||    15
 Stab: Paralysed         |       |     2 |       |       ||     2
Armor: Scale mail        |    42 |    52 |       |       ||    94
       Ring mail         |       |    14 |   124 |       ||   138
Dodge: Dodged            |    31 |    37 |   145 |     1 ||   214
Block: Kite shield       |    49 |    82 |   217 |       ||   348
